Map: Port Aleksander LE

Players

Odin

  • Race: Protoss Protoss
  • League: Platinum
  • Spawn Location: 11:00

Curiosity - Winner!

  • Race: Terran Terran
  • League: Platinum
  • Spawn Location: 5:00

VOD

Have the link to the VOD?

Description

Time

  • Played on: Dec. 24, 2018, 3:11 a.m.
  • Length: 12:21
Show
View Real Time Build Order
Export as new Build Order

Odin Protoss 

Build Orders: Oracle Opening 

Get SALT Encoding   

  12  0:03  Probe  
  13  0:16  Probe  
  13  0:17  Pylon  
  14  0:26  Probe  
  15  0:37  Gateway  
  15  0:47  Assimilator  
  15  0:48  Probe  
  16  0:55  Assimilator  
  16  1:00  Probe  
  17  1:09  Probe  
  18  1:22  Gateway  
  18  1:26  Cybernetics Core  
  18  1:35  Probe  
  19  1:53  Warp Gate  
  17  2:02  Probe  
  18  2:09  Pylon  
  18  2:15  Adept x2  
  18  2:18  Probe  
  23  2:30  Probe  
  23  2:35  Stargate  
  24  2:46  Probe  
  25  2:58  Probe  
  26  3:03  Pylon  
  26  3:10  Probe  
  27  3:22  Probe  
  28  3:30  Probe  
  29  3:34  Oracle  
  32  3:46  Nexus  
  32  3:51  Probe  
  33  4:03  Pylon  
  33  4:15  Probe  
  34  4:27  Probe, Twilight Council  
  35  4:32  Robotics Facility  
  35  4:39  Probe  
  35  4:41  Stalker x2  
  40  4:51  Probe  
  41  4:57  Shield Battery  
  41  5:15  Immortal  
  41  5:16  Charge  
  41  5:18  Probe x2  
  44  5:30  Gateway  
  44  5:35  Sentry x2  
  48  5:39  Gateway  
  48  5:43  Probe x2  
  50  5:53  Warp Prism  
  50  5:55  Probe x2  
  50  6:25  Stalker x3  
  52  6:26  Probe x2  
  56  6:35  Immortal  
  56  6:37  Probe x2  
  60  6:42  Pylon x2  
  60  6:44  Pylon  
  60  6:45  Assimilator  
  62  7:00  Oracle, Probe x2  
  67  7:09  Gateway  
  67  7:12  Probe x2, Gateway  
  67  7:13  Gateway  
  69  7:17  Gateway  
  69  7:19  Assimilator  
  69  7:21  Immortal  
  73  7:24  Probe  
  74  7:43  Oracle  
  77  7:46  Nexus  
  77  7:47  Pylon  
  77  7:53  Probe x2  
  77  7:57  Forge  
  79  8:04  Forge  
  79  8:10  Observer  
  80  8:25  Probe x2  
  82  8:33  Pylon  
  82  8:36  Photon Cannon  
  82  8:37  Probe x2  
  82  8:40  Stalker x3  
  90  8:41  Stalker x2  
  94  8:56  Pylon  
  94  8:58  Pylon  
  94  9:02  Immortal  
  98  9:30  Stalker x3  
  98  9:31  Stalker x4  
  108  9:36  Probe x3  
  115  9:48  Probe x3, Pylon  
  117  10:11  Zealot x8  
  98  10:41  Zealot x5  
  98  10:42  Zealot x3  
  84  11:01  Zealot x4  
  84  11:02  Zealot x4  
  76  11:37  Stalker  
  76  11:38  Stalker  
  76  11:39  Stalker x5  
  49  12:03  Stalker x5  
  49  12:04  Stalker  
Show
View Real Time Build Order
Export as new Build Order

Curiosity Terran - Winner!

Build Orders: Reaper Expand 

Get SALT Encoding   

  12  0:03  SCV  
  13  0:15  SCV  
  13  0:18  Supply Depot  
  14  0:27  SCV  
  15  0:36  Refinery  
  15  0:40  SCV  
  16  0:48  Barracks  
  16  0:52  SCV  
  17  1:01  Refinery  
  17  1:10  SCV  
  18  1:22  SCV  
  19  1:42  Orbital Command  
  19  1:43  Reaper  
  19  2:06  Command Center  
  19  2:08  SCV  
  20  2:16  Barracks Tech Lab  
  20  2:20  Factory  
  20  2:28  Supply Depot  
  20  2:29  SCV  
  21  2:39  Marauder  
  23  2:50  SCV  
  24  3:02  SCV  
  24  3:03  Bunker  
  25  3:14  SCV  
  25  3:15  Cyclone  
  28  3:22  Orbital Command  
  28  3:31  Mag-Field Accelerator  
  27  3:38  SCV  
  28  3:44  Orbital Command  
  28  3:47  Cyclone  
  31  3:50  SCV  
  32  4:02  SCV  
  33  4:15  SCV  
  34  4:19  Cyclone  
  37  4:25  Command Center  
  37  4:27  SCV  
  38  4:32  Supply Depot  
  38  4:34  Supply Depot  
  38  4:39  SCV  
  38  4:45  SCV  
  40  4:51  SCV  
  41  4:57  SCV  
  42  5:03  Barracks Reactor  
  42  5:05  Factory x2  
  40  5:13  SCV x2  
  35  5:25  SCV x2, Cyclone  
  40  5:37  SCV x2  
  40  5:39  Orbital Command  
  44  5:50  SCV x2  
  44  6:02  SCV x2  
  46  6:14  SCV x2  
  42  6:23  Cyclone  
  42  6:24  Infernal Pre-Igniter  
  45  6:26  SCV x2  
  45  6:28  Factory Tech Lab  
  47  6:36  Refinery x2  
  47  6:38  SCV x2  
  49  6:41  Hellion x2, Engineering Bay  
  53  6:50  SCV x2  
  53  6:54  SCV  
  56  6:55  Cyclone  
  56  6:58  Cyclone  
  62  7:02  SCV x2, Hellion x2  
  62  7:06  SCV  
  69  7:12  Factory  
  69  7:14  SCV x2  
  71  7:18  SCV  
  72  7:24  Hellion x2  
  72  7:26  SCV  
  77  7:32  Supply Depot  
  77  7:33  Supply Depot x2  
  77  7:39  Armory  
  77  7:47  Factory  
  77  7:54  SCV x2, Hellion x2, Cyclone x2  
  89  8:05  Orbital Command  
  89  8:06  SCV x2  
  91  8:13  Refinery  
  91  8:18  Refinery, SCV x2  
  93  8:20  Factory Tech Lab  
  93  8:23  Hellion x2  
  93  8:26  Cyclone  
  100  8:29  Sensor Tower  
  100  8:30  SCV  
  101  8:34  Sensor Tower  
  101  8:39  Supply Depot  
  101  8:40  Supply Depot  
  101  8:41  Factory Tech Lab, SCV, Supply Depot  
  102  8:42  SCV, Cyclone x2  
  109  8:52  SCV  
  109  8:53  SCV  
  109  8:54  Hellion  
  109  8:55  SCV  
  109  9:00  Cyclone  
  109  9:01  Hellion  
  114  9:04  SCV  
  114  9:05  SCV  
  114  9:07  Missile Turret, SCV  
  117  9:16  SCV  
  115  9:18  SCV  
  116  9:30  Cyclone x3  
  125  9:32  Cyclone  
  125  9:33  Hellion x2  
  125  9:37  Terran Vehicle And Ship Armor Level 1  
  132  9:44  Supply Depot  
  132  9:47  Supply Depot  
  132  10:05  Cyclone  
  132  10:06  Hellion x2  
  83  11:25  Cyclone x2  
  83  11:26  Cyclone x2  
  83  11:27  Hellion x2  
  94  11:48  Hellion  
  94  11:53  Hellion  
Tags
 
Add a new tag
Caveats
  • Supply blocks, unpowered buildings, or Contaminate may cause inaccurate times.
  • Supply counts are checked every 10 seconds.